 Dungeon Crawl Stone Soup version 0.29.1-15-g9cfb28693d (webtiles) character file.

Game seed: 12256954587988069344

107 safid the Chiller (level 4, -3/34 HPs)
             Began as a Merfolk Ice Elementalist on Apr 10, 2023.
             Splashed by a jelly's acid (6 damage)
             ... on level 4 of the Dungeon.
             The game lasted 00:03:51 (3362 turns).

safid the Chiller (Merfolk Ice Elementalist)        Turns: 3362, Time: 00:03:51

Health: -3/34      AC: -14   Str:  8    XL:     4   Next: 86%
Magic:  3/8        EV: 12    Int: 16    God:
Gold:   159        SH:  0    Dex: 14    Spells: 2/9 levels left

rFire   + + .      SeeInvis .   i - +0 dagger
rCold   . . .      Faith    .   (no shield)
rNeg    . . .      Spirit   .   a - +0 robe
rPois   .          Reflect  .   (no helmet)
rElec   .          Harm     .   (no cloak)
rCorr   .          Rampage  .   (no gloves)
Will    .....                   (no boots)
Stlth   ++........              (no amulet)
HPRegen 0.11/turn               k - ring of protection from fire
MPRegen 0.11/turn               p - ring of protection from fire

@: corroded
A: (nimble swimmer 2), mertail
a: no special abilities


You were on level 4 of the Dungeon.
You visited 1 branch of the dungeon, and saw 4 of its levels.

You collected 159 gold pieces.

Inventory:

Hand Weapons
 i - a +0 dagger (weapon)
Armour
 a - a +0 robe (worn)
Jewellery
 k - a ring of protection from fire (left hand)
 p - a ring of protection from fire (right hand)
Wands
 j - a wand of mindburst (8)
 o - a wand of iceblast (5)
Scrolls
 c - 5 scrolls of identify {unknown}
 d - 2 scrolls of noise {unknown}
 e - 2 scrolls of immolation
 r - a scroll of torment {unknown}
Potions
 b - a potion of magic
 f - a potion of curing {unknown}
 g - 2 potions of brilliance {unknown}
 h - a potion of berserk rage {unknown}
 l - a potion of degeneration {unknown}
 m - a potion of flight {unknown}
 n - a potion of heal wounds {unknown}
 q - a potion of attraction {unknown}
 s - a potion of might {unknown}


   Skills:
 + Level 2.5 Fighting
 - Level 2.6 Dodging
 - Level 2.1 Stealth
 + Level 3.0 Spellcasting
 + Level 5.2 Ice Magic


You had 2 spell levels left.
You knew the following spells:

 Your Spells              Type           Power      Damage    Failure   Level
a - Freeze                Ice            76%        1d9       2%          1
b - Frozen Ramparts       Ice            38%        1d6       6%          3
c - Ozocubu's Armour      Ice            19%        N/A       6%          3

Your spell library contained the following spells:

 Spells                   Type           Power      Damage    Failure   Level
 Shock                    Conj/Air       8%         1d3       19%         1
 Conjure Flame            Conj/Fire      2%         6-21      50%         3
 Ignite Poison            Fire/Tmut/Pois 2%         N/A       50%         3
 Swiftness                Air            2%         N/A       50%         3
 Hailstorm                Conj/Ice       10%        3d5       54%         4
 Airstrike                Air            1%         2d(1-17)  88%         4
 Sticky Flame             Conj/Fire      2%         2d3       88%         4


Dungeon Overview and Level Annotations

Branches:
Dungeon (4/15)
 Temple: D:4-7

Altars:

Shops:
D:3 [

Portals:
Abyss: D:3

Annotations:
D:3 2 transporters, javelincjr's ghost, weakling DsHW


Innate Abilities, Weirdness & Mutations

((You are very nimble when in or above water. (Stealth+, EV+, Speed+++)))
Your lower body shifts to a powerful aquatic tail in water.


Message History

Aiming: Freeze (safe; 2% risk of failure)
Press: ? - help, Shift-Dir - straight line, f/p - iguana
Aim: an iguana (moderately wounded)
You freeze the iguana.
The iguana is heavily wounded.
The iguana seems to slow down.
Unknown command.
Casting: Freeze (safe; 2% risk of failure)
Confirm with . or Enter, or press ? or * to list all spells.
Aiming: Freeze (safe; 2% risk of failure)
Press: ? - help, Shift-Dir - straight line, f/p - iguana
Aim: an iguana (heavily wounded, slow)
You freeze the iguana.
The iguana is severely wounded.
The iguana closely misses you. The jelly hits you. The acid corrodes you!
You are splashed with acid.
Casting: Freeze (safe; 2% risk of failure)
Confirm with . or Enter, or press ? or * to list all spells.
Aiming: Freeze (safe; 2% risk of failure)
Press: ? - help, Shift-Dir - straight line, f/p - iguana
Aim: an iguana (severely wounded, slow)
You freeze the iguana!
You kill the iguana!
The jelly hits you. The acid corrodes you!
You are splashed with acid!
Your Spellcasting skill increases to level 3!
Casting: Freeze (safe; 2% risk of failure)
Confirm with . or Enter, or press ? or * to list all spells.
Aiming: Freeze (safe; 2% risk of failure)
Press: ? - help, Shift-Dir - straight line, f - jelly
Aim: a jelly You freeze the jelly.
The jelly is lightly wounded.
The jelly hits you. The acid corrodes you!
You are splashed with acid!
* * * LOW HITPOINT WARNING * * *
As you read the scroll labelled ERPHEO LAMMADI, it crumbles to dust.
The creatures around you are filled with an inner flame!
It was a scroll of immolation.
The jelly hits you.
* * * LOW HITPOINT WARNING * * *
The acid corrodes you!
You are splashed with acid.
You die...

#######
##@....##
######.J.....##
#.....<.......#
#.......†.....#
#.............#
#.............#
#..............#
#++###..........
#...J......


You could see a jelly (inner flame).

Vanquished Creatures
  An iguana (D:4)
  3 adders
  A worm (D:2)
  3 dart slugs
  3 bats
  6 endoplasms
  2 giant cockroaches
  2 goblins
  6 hobgoblins
  3 quokkas (D:2)
  4 ball pythons
  A frilled lizard (D:2)
  5 kobolds
  5 rats
45 creatures vanquished.

Notes
Turn   | Place    | Note
-------+----------+-------------------------------------------
     0 | D:1      | safid the Merfolk Ice Elementalist began the quest for the
                  | Orb.
     0 | D:1      | Reached XP level 1. HP: 13/13 MP: 3/3
   166 | D:1      | Found a faded altar of an unknown god.
   262 | D:1      | Reached XP level 2. HP: 9/20 MP: 0/5
   575 | D:1      | Reached skill level 1 in Fighting
  1464 | D:2      | Reached XP level 3. HP: 26/26 MP: 2/6
  1630 | D:2      | Learned a level 3 spell: Frozen Ramparts
  1634 | D:2      | Learned a level 3 spell: Ozocubu's Armour
  2094 | D:2      | Reached skill level 5 in Ice Magic
  2112 | D:2      | Reached XP level 4. HP: 30/33 MP: 6/8
  2807 | D:3      | Found a transporter.
  2807 | D:3      | Found a transporter.
  2832 | D:3      | Noticed javelincjr's ghost (weakling DsHW)
  2833 | D:3      | Found a one-way gate to the infinite horrors of the Abyss.
  2903 | D:3      | Noticed a small abomination
  3019 | D:3      | Found Gahif's Armour Shoppe.
  3252 | D:3      | Identified the +2 leather armour "Horipuetol" {+Inv rC-
                  | rCorr Int+2}
  3328 | D:3      | Noticed a kobold brigand
  3362 | D:4      | Splashed by a jelly's acid

Illustrated notes

Levels and vault maps discovered:
D:1:      minmay_arrival_jagged, layout_basic, dreamdust_ecumenical_altar_grove,
          chequers_serial_rivers_micro_d
D:2:      minmay_diamond_boxcup, layout_basic
D:3:      layout_rooms, gammafunk_ghost_abyssal_escape, serial_shops, shop,
          fountainhead
D:4:      layout_rooms, zin_academy, minmay_temple_entry_wispy,
          minmay_misc_feat_nine_boxes, minivault_5, kennysheep_diamond,
          kennysheep_generic_room_12

Skill      XL: |  1  2  3  4 |
---------------+-------------+-----
Fighting       | 1 2 |  2.5
Ice Magic      | 5 |  5.2
Spellcasting   | 3 |  3.0
Dodging        | |  2.6
Stealth        | |  2.1

Action                   |  1- 3 |  4- 6 || total
-------------------------+-------+-------++-------
Melee: Unarmed           |    20 |       ||    20
       Dagger            |    18 |    13 ||    31
 Cast: Freeze            |    46 |    20 ||    66
  Use: Scroll            |       |     1 ||     1
 Stab: Sleeping          |     6 |     2 ||     8
Armor: Robe              |     6 |     2 ||     8
Dodge: Dodged            |    44 |     8 ||    52
